 Dungeon Crawl Stone Soup version 0.31-a0-1612-g4aaf141004 (webtiles) character file.

Game seed: 7233142351568761958

565 Laraso the Shooter (level 7, 32/52 HPs)
             Began as a Pale Draconian Hexslinger on Jan 9, 2024.
             Quit the game on level 5 of the Dungeon.
             The game lasted 00:04:54 (3587 turns).

Laraso the Shooter (Pale Draconian Hexslinger)      Turns: 3587, Time: 00:04:55

Health: 32/52      AC:  6    Str: 11    XL:     7   Next: 10%
Magic:  6/8        EV: 12    Int: 13    God:
Gold:   282        SH:  0    Dex: 15    Spells: 3/8 levels left

rFire   . . .        a - +1 sling
rCold   . . .        (no shield)
rNeg    . . .        (body armour unavailable)
rPois   .            (helmet restricted)
rElec   .            (no cloak)
rCorr   .            (no gloves)
SInv    .            (no boots)
Will    .....        o - amulet of the acrobat
Stlth   +            (no ring)
HPRegen 0.28/turn    (no ring)
MPRegen 0.11/turn

%: acrobat
@: weak-willed
A: breathe steam, AC +6, unfitting armour, cold-blooded, steam resistance
a: Breathe Steam


You were on level 5 of the Dungeon.
You visited 1 branch of the dungeon, and saw 5 of its levels.

You collected 282 gold pieces.

Inventory:

Hand Weapons
 a - a +1 sling (weapon)
Jewellery
 o - an amulet of the acrobat (around neck)
 q - a ring of protection from fire
Scrolls
 b - 2 scrolls of poison
 c - 2 scrolls of summoning {unknown}
 f - a scroll of teleportation {unknown}
 h - a scroll of fear {unknown}
 i - a scroll of blinking {unknown}
 k - a scroll of enchant armour {unknown}
 m - a scroll of amnesia {unknown}
 n - a scroll of noise {unknown}
Potions
 d - a potion of curing
 e - 2 potions of lignification
 g - a potion of haste {unknown}
 j - a potion of degeneration {unknown}
 l - a potion of mutation {unknown}
 p - a potion of enlightenment {unknown}


   Skills:
 - Level 1.1 Fighting
 * Level 5.9 Ranged Weapons
 - Level 1.7 Dodging
 - Level 1.0 Spellcasting
 + Level 4.8 Hexes
 - Level 1.1 Fire Magic


You had 3 spell levels left.
You knew the following spells:

 Your Spells              Type           Power      Damage    Failure   Level
a - Jinxbite              Hex            26%        N/A       6%          2
b - Sigil of Binding      Hex            13%        N/A       12%         3

Your spell library contained the following spells:

 Spells                   Type           Power      Damage    Failure   Level
 Scorch                   Fire           6%         2d5       26%         2
 Inner Flame              Hex/Fire       8%         N/A       26%         3
 Sandblast                Erth           0%         2d4       28%         1
 Sting                    Conj/Alch      0%         1d3       28%         1
 Passwall                 Erth           0%         N/A       63%         3
 Stone Arrow              Conj/Erth      0%         3d7       63%         3
 Cause Fear               Hex            6%         N/A       36%         4
 Dimensional Bullseye     Hex/Tloc       3%         N/A       71%         4
 Flame Wave               Conj/Fire      2%         2d4       92%         4
 Brom's Barrelling Bould  Conj/Erth      0%         2d3       95%         4
 Manifold Assault         Tloc           0%         N/A       95%         4
 Dispersal                Tloc           0%         N/A       100%        6
 Summon Cactus Giant      Summ           0%         N/A       100%        6
 Disjunction              Tloc           0%         N/A       100%        8


Dungeon Overview and Level Annotations

Branches:
Dungeon (5/15)
 Temple: D:4-7

Altars:
Elyvilon


Innate Abilities, Weirdness & Mutations

You can breathe blasts of scalding, opaque steam.
Your pale cyan-grey scales are hard. (AC +6)
You cannot fit into any form of body armour.
You are cold-blooded and may be slowed by cold attacks.
You are immune to the effects of steam.


Message History

You shoot a sling bullet.
The sling bullet hits the ogre but does no damage.
The ogre is lightly wounded.
You shoot a sling bullet.
The sling bullet hits the ogre but does no damage.
The ogre is lightly wounded.
You shoot a sling bullet. The sling bullet hits the ogre!
The ogre is moderately wounded.
You shoot a sling bullet. The sling bullet hits the ogre.
The ogre is heavily wounded.
The ogre barely misses you.
You shoot a sling bullet. The sling bullet hits the ogre.
The ogre is heavily wounded.
A giggling sprite leaps out and smacks the ogre with its own hand.
The ogre is severely wounded.
The ogre misses you.
You shoot a sling bullet. The sling bullet hits the ogre.
The ogre is severely wounded.
You shoot a sling bullet. The sling bullet hits the ogre.
The ogre is almost dead.
A giggling sprite leaps out and makes the ogre trip over its own feet.
The ogre is almost dead.
The jinxing sprites lose interest in you.
The ogre hits you with a +0 giant club!
You shoot a sling bullet.
The sling bullet hits the ogre but does no damage.
The ogre is almost dead.
The ogre hits you with a +0 giant club.
You shoot a sling bullet.
The sling bullet barely misses the ogre.
The ogre misses you.
You shoot a sling bullet. The sling bullet hits the ogre.
You kill the ogre!
You have reached level 7!
Your scales start taking on a pale cyan-grey colour.
You learn Fire Magic quicker.
You learn Air Magic quicker.
You learn Evocations quicker.
You can breathe blasts of scalding, opaque steam.
You are now immune to the effects of steam.
Are you sure you want to abandon this character and quit the game? (Confirm with "yes".)

###..####.##..##.
..#..............
..#..............
.####..##.###+##.
'####..#####<.#####
...#..........<...#
...#..............#
######...###..##..#
##### #####@.#
#.....)..#
#........#
#.........
+.........+
##.......##
#.......# #........


There were no monsters in sight!

Vanquished Creatures
  3 ogres
  Blork the orc (D:4)
  A bombardier beetle (D:3)
  A hound (D:4)
  An iguana (D:4)
  A sleepcap (D:4)
  4 adders
  3 ribbon worms (D:2)
  A dart slug (D:2)
  7 orcs
  7 ball pythons
  8 endoplasms
  5 giant cockroaches
  4 goblins
  4 hobgoblins
  5 jackals
  5 quokkas
  7 bats
  4 frilled lizards
  6 kobolds
  9 rats
87 creatures vanquished.

Notes
Turn   | Place    | Note
-------+----------+-------------------------------------------
     0 | D:1      | Laraso the Draconian Hexslinger began the quest for the
                  | Orb.
     0 | D:1      | Reached XP level 1. HP: 16/16 MP: 2/2
    42 | D:1      | Reached skill level 2 in Ranged Weapons
   122 | D:1      | Reached XP level 2. HP: 23/23 MP: 3/3
   125 | D:1      | Learned a level 2 spell: Jinxbite
   242 | D:1      | Found a faded altar of an unknown god.
   250 | D:1      | Got Plato's Opusculum on Composition
   889 | D:2      | Reached XP level 3. HP: 28/28 MP: 4/4
   953 | D:2      | Reached skill level 3 in Ranged Weapons
  1508 | D:3      | Reached XP level 4. HP: 34/35 MP: 0/5
  1976 | D:2      | Reached skill level 4 in Ranged Weapons
  2252 | D:3      | Reached XP level 5. HP: 40/40 MP: 6/6
  2524 | D:4      | Learned a level 3 spell: Sigil of Binding
  2536 | D:4      | Noticed Blork the orc
  2553 | D:4      | Killed Blork the orc
  2642 | D:4      | Noticed an ogre
  2691 | D:4      | Killed an ogre
  2692 | D:4      | Reached XP level 6. HP: 47/47 MP: 3/7
  2904 | D:4      | Reached skill level 5 in Ranged Weapons
  3429 | D:5      | Entered Level 5 of the Dungeon
  3449 | D:5      | Found a white marble altar of Elyvilon.
  3463 | D:5      | Noticed a steam dragon
  3587 | D:5      | Your scales start taking on a pale cyan-grey colour.
  3587 | D:5      | Reached XP level 7. HP: 32/52 MP: 6/8
  3587 | D:5      | Gained mutation: You are immune to the effects of steam.
                  | [Pale Draconian growth]
  3587 | D:5      | Quit the game

Illustrated notes

Levels and vault maps discovered:
D:1:      minmay_arrival_doors, layout_basic,
          shapermc_ecumenical_altar_rom_forum
D:2:      layout_basic, minmay_3d_cube
D:3:      layout_basic, serial_rivers, chequers_serial_rivers_marsh,
          chequers_serial_rivers_micro_d, chequers_serial_rivers_small_3,
          chequers_serial_rivers_micro_d, dreamdust_princess_corridor
D:4:      layout_loops_ring, serial_glass, glass_columns_b, glass_columns_a,
          item_on_display_a, minmay_strange_pillars, due_unseen_surprise,
          uniq_blork_the_orc
D:5:      layout_gridville, general_overflow_altar

Skill      XL: |  1  2  3  4  5  6 |
---------------+-------------------+-----
Ranged Weapons | 2 3 4 5 |  5.9
Hexes          | 3 4 |  4.8
Fighting       | |  1.1
Dodging        | |  1.7
Spellcasting   | |  1.0
Fire Magic     | |  1.1

Action                     |  1- 3 |  4- 6 |  7- 9 || total
---------------------------+-------+-------+-------++-------
   Fire: Sling             |   131 |   181 |       ||   312
   Cast: Jinxbite          |    10 |    12 |       ||    22
         Sigil of Binding  |       |     3 |       ||     3
    Use: Scroll            |     2 |       |       ||     2
 Armour: Skin              |    50 |    44 |       ||    94
  Dodge: Dodged            |    48 |    54 |       ||   102

Table legend: (Time is in decaauts)
 A = Elapsed time spent in this place.
 B = Non-inter-level travel time spent in this place.
 C = Inter-level travel time spent in this place.
 D = Time resting spent in this place.
 E = Time spent auto-exploring this place.
 F = Levels seen in this place.
 G = Mean time per level.
                   A        B        C        D        E       F      G
               +--------+--------+--------+--------+--------+-----+--------+
         Total |   3663 |   3417 |    246 |     65 |   2644 |   5 |  732.6 |
       Dungeon |   3663 |   3417 |    246 |     65 |   2644 |   5 |  732.6 |
               +--------+--------+--------+--------+--------+-----+--------+

Top non-repeatable levels by time:
     D:2: 1054 daAuts
     D:4: 983 daAuts
     D:3: 755 daAuts
     D:1: 710 daAuts
     D:5: 158 daAuts
